 Dungeon Crawl Stone Soup version 0.28-b1-78-gc65acfa365 (webtiles) character file.

Game seed: 13687311442945785507

164 Awezug the Poker (level 5, 0/42 HPs)
             Began as a Merfolk Gladiator on Feb 4, 2022.
             Was an Initiate of Trog.
             Slain by Exporg's ghost (2 damage)
             ... on level 4 of the Dungeon.
             The game lasted 00:12:34 (2876 turns).

Awezug the Poker (Merfolk Gladiator)                Turns: 2876, Time: 00:12:35

Health: 0/42       AC:  6    Str: 14    XL:     5   Next: 45%
Magic:  5/5        EV: 14    Int:  8    God:    Trog [......]
Gold:   147        SH:  0    Dex: 17    Spells: 4/4 levels left

rFire   . . .      SeeInvis .   a - +0 trident
rCold   . . .      Faith    .   (no shield)
rNeg    . . .      Spirit   .   b - +0 leather armour
rPois   .          Reflect  .   c - +0 helmet
rElec   .          Harm     .   e - +0 cloak
rCorr   .          Rampage  .   h - +0 pair of gloves
Will    .....                   (no boots)
Stlth   +.........              (no amulet)
HPRegen 0.14/turn               (no ring)
MPRegen 0.09/turn               (no ring)

@: no status effects
A: (nimble swimmer 2), mertail
a: Renounce Religion


You were on level 4 of the Dungeon.
You worshipped Trog.
Trog was noncommittal.
You visited 1 branch of the dungeon, and saw 4 of its levels.

You collected 147 gold pieces.

Inventory:

Hand Weapons
 a - a +0 trident (weapon)
Missiles
 d - 3 throwing nets (quivered)
Armour
 b - a +0 leather armour (worn)
 c - a +0 helmet (worn)
 e - a +0 cloak (worn)
 h - a +0 pair of gloves (worn)
Jewellery
 k - a ring of magical power
Scrolls
 g - 2 scrolls of identify
 j - a scroll of brand weapon {unknown}


   Skills:
 + Level 3.7 Fighting
 + Level 6.0 Polearms
 - Level 2.2 Throwing
 + Level 5.5 Dodging


You had 4 spell levels left.
You didn't know any spells.
Your spell library was empty.

Dungeon Overview and Level Annotations

Branches:
Dungeon (4/15)
 Temple: D:4-7

Altars:
Trog

Annotations:
D:4 Exporg's ghost, novice FoFi


Innate Abilities, Weirdness & Mutations

((You are very nimble when in or above water. (Stealth+, EV+, Speed+++)))
Your lower body shifts to a powerful aquatic tail in water.


Message History

There is an open door here.
There is an open door here.
There is an open door here.
Exporg's ghost turns its malevolent gaze towards you.
Could not explore, unopened runed door.
You open the door.
You hit Exporg's ghost but do no damage.
Exporg's ghost hits you!
You closely miss Exporg's ghost.
Exporg's ghost hits you but does no damage.
You hit Exporg's ghost.
Exporg's ghost is lightly damaged.
Exporg's ghost barely misses you.
You completely miss Exporg's ghost.
Exporg's ghost is lightly damaged.
Exporg's ghost hits you!
You feel better. Exporg's ghost hits you!
* * * LOW HITPOINT WARNING * * *
x2
As you read the scroll labelled JOTOFOB IMEI, it crumbles to dust.
A profound silence engulfs you.
It was a scroll of silence.
Exporg's ghost hits you!
* * * LOW HITPOINT WARNING * * *
x2 Magic scrolls do not work when you're silenced!
There is an open door here.
There is an open door here.
Your hearing returns.
Exporg's ghost says, "I am invincible!"
There is a stone staircase leading down here.
Exporg's ghost hits you.
* * * LOW HITPOINT WARNING * * *
x2 You climb downwards.
There is a stone staircase leading up here.
Exporg's ghost closely misses you.
You climb upwards.
There is a stone staircase leading down here.
Exporg's ghost closely misses you.
You climb downwards.
There is a stone staircase leading up here.
Exporg's ghost hits you.
You die...

#.#
#.#
#.#
#.#
#.#
#r#
#W#
#@#
###


You could see Exporg's ghost and a quokka.

Vanquished Creatures
  A hound (D:3)
  7 adders
  4 worms
  2 dart slugs
  6 endoplasms
  5 giant cockroaches
  2 goblins (D:3)
  5 hobgoblins
  6 kobolds
  6 quokkas
  6 ball pythons
  6 bats
  4 frilled lizards
  A rat (D:2)
61 creatures vanquished.

Vanquished Creatures (others)
  2 withered plants (D:3)
2 creatures vanquished.

Grand Total: 63 creatures vanquished

Notes
Turn   | Place    | Note
-------+----------+-------------------------------------------
     0 | D:1      | Awezug the Merfolk Gladiator began the quest for the Orb.
     0 | D:1      | Reached XP level 1. HP: 16/16 MP: 1/1
   256 | D:1      | Reached XP level 2. HP: 23/23 MP: 2/2
   270 | D:1      | Found a faded altar of an unknown god.
   800 | D:2      | Reached XP level 3. HP: 16/28 MP: 3/3
  1022 | D:2      | Reached skill level 5 in Polearms
  1338 | D:2      | Reached XP level 4. HP: 31/35 MP: 4/4
  1838 | D:3      | Reached skill level 5 in Dodging
  2095 | D:3      | Reached XP level 5. HP: 32/41 MP: 5/5
  2312 | D:3      | Found a runed translucent door.
  2312 | D:3      | Noticed Exporg's ghost (novice FoFi)
  2452 | D:3      | Found a bloodstained altar of Trog.
  2460 | D:3      | Became a worshipper of Trog the Wrathful
  2469 | D:3      | Reached skill level 6 in Polearms
  2844 | D:3      | HP: 2/42 [Exporg's ghost (7)]
  2870 | D:3      | HP: 2/42 [Exporg's ghost (3)]
  2876 | D:4      | Slain by Exporg's ghost

Illustrated notes

Levels and vault maps discovered:
D:1:      saegor_arrival_simple_e, layout_basic,
          nicolae_ecumenical_snake_handling, minmay_tromino_v2
D:2:      layout_loops_ring, st_stairs_1
D:3:      minmay_chambers_of_threes, layout_loops_corners,
          trog_three_pillars_becter, gammafunk_ghost_grave, minmay_crystal_room
D:4:      layout_basic, kiku_gazebo_pond_becter

Skill      XL: |  1  2  3  4  5 |
---------------+----------------+-----
Polearms       | 5 6 |  6.0
Fighting       | 3 |  3.7
Dodging        | 5 |  5.5
Throwing       | |  2.2

Action                   |  1- 3 |  4- 6 || total
-------------------------+-------+-------++-------
Melee: Trident           |   101 |   112 ||   213
       Punch             |     1 |       ||     1
  Use: Scroll            |     1 |     1 ||     2
       Potion            |     1 |     1 ||     2
 Stab: Sleeping          |     3 |     1 ||     4
Armor: Leather armour    |    21 |    32 ||    53
Dodge: Dodged            |    49 |    79 ||   128
